 Dungeon Crawl Stone Soup version 0.30-a0-170-g85af917532 (webtiles) character file.

Game seed: 4199188496759451325

108 LnG the Sneak (level 5, 0/29 HPs)
             Began as a Kobold Summoner on Sept 30, 2022.
             Slain by a gnoll
             ... wielding a +0 club
             ... led by a gnoll sergeant
              (4 damage)
             ... on level 2 of the Dungeon.
             The game lasted 00:04:19 (3422 turns).

LnG the Sneak (Kobold Summoner)                     Turns: 3422, Time: 00:04:20

Health: 0/29       AC:  5    Str:  5    XL:     5   Next: 12%
Magic:  5/8        EV: 15    Int: 18    God:
Gold:   107        SH:  0    Dex: 16    Spells: 2/8 levels left

rFire   . . .      SeeInvis .    f - +3 rapier
rCold   . . .      Faith    .    (no shield)
rNeg    + . .      Spirit   .    a - +0 robe
rPois   .          Reflect  .    e - +2 helmet
rElec   .          Harm     .    (no cloak)
rCorr   .          Rampage  .    (no gloves)
Will    .....                    (no boots)
Stlth   ++++......               (no amulet)
HPRegen 0.09/turn                d - ring of positive energy
MPRegen 0.11/turn                (no ring)

@: no status effects
A: small, no large weapons, nightstalker 3
a: no special abilities


You were on level 2 of the Dungeon.
You visited 1 branch of the dungeon, and saw 3 of its levels.

You collected 107 gold pieces.

Inventory:

Hand Weapons
 c - a +0 short sword of draining
 f - a +3 rapier (weapon)
Armour
 a - a +0 robe (worn)
 e - a +2 helmet (worn)
Jewellery
 d - a ring of positive energy (left hand)
 l - an amulet of guardian spirit
Wands
 k - a wand of flame (8)
Scrolls
 h - a scroll of magic mapping
 m - a scroll of identify {unknown}
Potions
 b - a potion of magic
 g - a potion of curing {unknown}
 i - a potion of heal wounds {unknown}
 j - 2 potions of attraction {unknown}
 n - a potion of mutation {unknown}


   Skills:
 + Level 1.2 Fighting
 + Level 1.6 Short Blades
 + Level 3.3 Dodging
 + Level 4.5 Stealth
 + Level 2.3 Spellcasting
 + Level 4.4 Summonings


You had 2 spell levels left.
You knew the following spells:

 Your Spells              Type           Power      Damage    Failure   Level
a - Summon Small Mammal   Summ           72%        N/A       2%          1
b - Call Imp              Summ           18%        N/A       4%          2
c - Call Canine Familiar  Summ           18%        N/A       9%          3

Your spell library contained the following spells:

 Spells                   Type           Power      Damage    Failure   Level
 Magic Dart               Conj           8%         1d3       17%         1
 Summon Guardian Golem    Hex/Summ       10%        N/A       21%         3
 Mephitic Cloud           Conj/Pois/Air  2%         N/A       45%         3
 Summon Lightning Spire   Summ/Air       10%        N/A       56%         4


Dungeon Overview and Level Annotations

Branches:
Dungeon (3/15)

Altars:


Innate Abilities, Weirdness & Mutations

You are small and have problems with some larger weapons.
You are completely attuned to the shadows.


Message History

You climb downwards.
There is a stone staircase leading up here.
The gnoll throws a throwing net.
The throwing net hits you.
You become entangled in the net!
You see here a throwing net.
You struggle against the net.
You struggle against the net.
You tear a large gash into the net.
You rip the net and break free!
The gnoll barely misses you.
You hit the gnoll.
The gnoll is moderately wounded.
The gnoll hits you with a +0 club.
You barely miss the gnoll.
The gnoll is moderately wounded.
A gnoll comes into view. It is wielding a +0 club.
The gnoll hits you with a +0 club.
You barely miss the gnoll.
The gnoll is moderately wounded.
The gnoll hits you with a +0 club.
You hit the gnoll.
The gnoll is heavily wounded.
The gnoll sergeant hits you from afar with a +0 trident!
* * * LOW HITPOINT WARNING * * *
The gnoll sergeant completely misses you.
The gnoll throws a throwing net.
The throwing net closely misses you. The gnoll hits you but does no damage.
The gnoll hits you with a +0 club.
* * * LOW HITPOINT WARNING * * *
The gnoll attacks as you move away! The gnoll hits you with a +0 club.
* * * LOW HITPOINT WARNING * * *
The gnoll attacks as you move away! The gnoll closely misses you.
There is a stone staircase leading up here.
The gnoll hits you but does no damage.
You climb upwards.
There is a stone staircase leading down here.
Casting: Call Canine Familiar (quite dangerous; 9% risk of failure)
Confirm with . or Enter, or press ? or * to list all spells.
The spell is quite dangerous to miscast (9% risk of failure)!
Continue anyway?
The gnoll hits you with a +0 club.
You die...

.#####..##.#..#######.#.###.#
........##.#..........##...##
.......)...##.########.รท.<##
#.####..####..# #.#h.#
#.#...........########...##
#.#.##..............###.##
#.#.#......#........###.#####
........##.#....)...##......#
....#.#.##.#.>..@...#...#.#.#
..###.#....##..g.....#.)##..#
### #.####.##....h..##....#.#
#.####.##........#.##...#
#......###..............#
######.# #..###..#.#..### #.#
#.......##.#.#
##.###............#
#........#...######


You could see a gnoll (ally target) and a friendly hound (summoned).

Vanquished Creatures
  4 adders (D:2)
  A worm (D:2)
  3 ball pythons
  A bat (D:1)
  2 endoplasms (D:2)
  3 giant cockroaches
  A goblin (D:2)
  3 hobgoblins
  8 jackals
  4 quokkas
  2 frilled lizards (D:1)
  A kobold (D:2)
  3 rats
36 creatures vanquished.

Vanquished Creatures (collateral kills)
  Terence (D:2)
  2 endoplasms (D:1)
  A goblin (D:2)
  A frilled lizard (D:1)
5 creatures vanquished.

Grand Total: 41 creatures vanquished

Notes
Turn   | Place    | Note
-------+----------+-------------------------------------------
     0 | D:1      | LnG the Kobold Summoner began the quest for the Orb.
     0 | D:1      | Reached XP level 1. HP: 10/10 MP: 3/3
   590 | D:1      | Reached XP level 2. HP: 8/15 MP: 5/5
   593 | D:1      | Learned a level 2 spell: Call Imp
   824 | D:1      | Found a faded altar of an unknown god.
  1262 | D:1      | Reached XP level 3. HP: 12/19 MP: 6/6
  2266 | D:2      | Reached XP level 4. HP: 24/24 MP: 7/7
  2269 | D:2      | Reached skill level 1 in Short Blades
  2582 | D:2      | Noticed Terence
  2598 | D:2      | Killed Terence
  2599 | D:2      | Reached skill level 1 in Fighting
  2624 | D:2      | Identified the +0 leather armour of Zuariw {+Blink Will+
                  | Int+4}
  2765 | D:2      | Reached XP level 5. HP: 29/29 MP: 8/8
  2769 | D:2      | Learned a level 3 spell: Call Canine Familiar
  3422 | D:2      | Slain by a gnoll

Illustrated notes

Levels and vault maps discovered:
D:1:      sevenhm_arrival_forest_fort_large_4, layout_basic,
          chequers_ecumenical_altar_island, st_stairs_5
D:2:      layout_loops_cross, uniq_terence
D:3:      layout_rooms, nicolae_overflow_ecumenical_swirl,
          mainiacjoe_overflow_boulevard, uniq_robin

Skill      XL: |  1  2  3  4 |
---------------+-------------+-----
Stealth        | 3 4 |  4.5
Dodging        | 3 |  3.3
Short Blades   | 1 |  1.6
Fighting       | 1 |  1.2
Spellcasting   | |  2.3
Summonings     | |  4.4

Action                   |  1- 3 |  4- 6 || total
-------------------------+-------+-------++-------
Melee: Unarmed           |     5 |       ||     5
       Short sword       |    73 |       ||    73
       Punch             |     2 |       ||     2
       Rapier            |     4 |    41 ||    45
 Cast: Summon Small Mamm |     8 |       ||     8
       Call Imp          |     1 |     2 ||     3
       Call Canine Famil |       |     3 ||     3
  Use: Scroll            |     1 |       ||     1
 Stab: Sleeping          |    11 |     3 ||    14
Armor: Robe              |    19 |     9 ||    28
Dodge: Dodged            |    80 |    53 ||   133

Table legend: (Time is in decaauts)
 A = Elapsed time spent in this place.
 B = Non-inter-level travel time spent in this place.
 C = Inter-level travel time spent in this place.
 D = Time resting spent in this place.
 E = Time spent auto-exploring this place.
 F = Levels seen in this place.
 G = Mean time per level.
                   A        B        C        D        E       F      G
               +--------+--------+--------+--------+--------+-----+--------+
         Total |   3430 |   3234 |    196 |   1122 |   1698 |   3 | 1143.3 |
       Dungeon |   3430 |   3234 |    196 |   1122 |   1698 |   3 | 1143.3 |
               +--------+--------+--------+--------+--------+-----+--------+

Top non-repeatable levels by time:
     D:1: 1822 daAuts
     D:2: 1493 daAuts
     D:3: 113 daAuts
